 Dungeon Crawl Stone Soup version 0.30-a0-39-g42789b21ef (webtiles) character file.

Game seed: 11190401605118099689

6010 wilfster70 the Thaumaturge (level 10, -9/54 HPs)
             Began as a Gargoyle Earth Elementalist on Aug 28, 2022.
             Was an Initiate of Gozag.
             Mangled by a two-headed ogre
             ... wielding a +0 giant spiked club
              (32 damage)
             ... on level 9 of the Dungeon.
             The game lasted 00:30:49 (12361 turns).

wilfster70 the Thaumaturge (GrEE)                  Turns: 12361, Time: 00:30:49

Health: -9/54      AC: 13    Str: 13    XL:     10   Next: 86%
Magic:  17/22      EV: 11    Int: 19    God:    Gozag
Gold:   427        SH:  5    Dex: 10    Spells: 17/26 levels left

rFire   . . .      SeeInvis .    a - +0 sling
rCold   + + +      Faith    .    (no shield)
rNeg    + + .      Spirit   .    f - +0 robe
rPois   ∞          Reflect  +    (no helmet)
rElec   +          Harm     .    (no cloak)
rCorr   +          Rampage  .    E - +0 pair of gloves
Will    .....                    i - +2 pair of boots
Stlth   ++........               A - amulet of reflection
HPRegen 0.18/turn                x - ring of protection from cold
MPRegen 0.18/turn                y - ring of Meexyci {rC++ rN+ rCorr}

@: gold aura
A: sickness immunity, AC +7, negative energy resistance 1, electricity
resistance, torment resistance 1, petrification resistance
a: Renounce Religion, Potion Petition, Call Merchant, Bribe Branch


You were on level 9 of the Dungeon.
You worshipped Gozag.
Gozag was aware of your devotion.
You visited 2 branches of the dungeon, and saw 10 of its levels.
You also visited: Sewer and Bailey.

You collected 1284 gold pieces.
You spent 777 gold pieces at shops.
You paid 80 gold pieces to Gozag.

Inventory:

Hand Weapons
 a - a +0 sling (weapon)
 b - a +2 dagger of venom
Missiles
 c - 78 stones
Armour
 f - a +0 robe (worn)
 i - a +2 pair of boots (worn)
 z - a +0 buckler
 E - a +0 pair of gloves (worn)
Jewellery
 x - a ring of protection from cold (left hand)
 y - the ring of Meexyci (right hand) {rC++ rN+ rCorr}
   (You bought it in a shop on level 4 of the Dungeon)

   [ring of positive energy]

   rC:        It greatly protects you from cold.
   rN:        It protects you from negative energy.
   rCorr:     It protects you from acid and corrosion.
 A - an amulet of reflection (around neck)
Wands
 j - a wand of polymorph (1)
 p - a wand of digging (11)
 B - a wand of flame (2)
Scrolls
 g - a scroll of fear
 l - 7 scrolls of blinking
 q - 4 scrolls of teleportation
 r - 7 scrolls of identify
 s - 2 scrolls of amnesia
 t - a scroll of fog
Potions
 d - 2 potions of might
 e - 2 potions of cancellation
 h - 5 potions of curing
 k - 2 potions of ambrosia
 m - 2 potions of mutation
 n - 2 potions of heal wounds
 o - 3 potions of brilliance
 u - 4 potions of berserk rage
 v - a potion of attraction {unknown}
 w - a potion of haste
 C - a potion of magic
 D - a potion of invisibility {unknown}
 F - a potion of flight {unknown}


   Skills:
 + Level 2.7 Fighting
 - Level 1.5 Dodging
 - Level 2.1 Stealth
 + Level 8.5 Spellcasting
 - Level 8.0 Conjurations
 - Level 8.0 Transmutations
 - Level 7.0 Earth Magic


You had 17 spell levels left.
You knew the following spells:

 Your Spells              Type           Power      Damage    Failure   Level
a - Sandblast             Erth           68%        2d15      1%          1
b - Stone Arrow           Conj/Erth      72%        3d11      1%          3
c - Irradiate             Conj/Tmut      19%        3d18      9%          5

Your spell library contained the following spells:

 Spells                   Type           Power      Damage    Failure   Level
 Sting                    Tmut/Pois      92%        1d7       1%          1
 Passwall                 Tmut/Erth      30%        N/A       1%          2
 Petrify                  Tmut/Erth      36%        N/A       4%          4
 Apportation              Tloc           16%        N/A       9%          1
 Poisonous Vapours        Pois/Air       16%        N/A       13%         2
 Lesser Beckoning         Tloc           8%         N/A       26%         3
 Alistair's Intoxication  Tmut/Pois      15%        N/A       43%         5
 Olgreb's Toxic Radiance  Pois           8%         N/A       65%         4
 Manifold Assault         Tloc           8%         N/A       94%         5
 Dispersal                Tloc           4%         N/A       100%        6
 Sublimation of Blood     Necr           Unusable   N/A       N/A         2

Dungeon Overview and Level Annotations

Branches:
Dungeon (9/15)             Temple (1/1) D:5            Lair (0/5) D:9
  Sewer (visited)          Bailey (visited)
    Orc: D:9-12

Altars:
Ashenzari
Cheibriados
Elyvilon
Fedhas
Gozag
Hepliaklqana
Kikubaaqudgha
Makhleb
Nemelex Xobeh
Okawaru
Qazlal
Ru
Sif Muna
Trog
Uskayaw
Vehumet
Wu Jian
Xom
Yredelemnul
Zin
The Shining One

Shops:
D:3 ?!   D:4 =   D:5 (

Annotations:
D:1 exclusion: downstairs
D:4 exclusion: downstairs
D:8 4 transporters


Innate Abilities, Weirdness & Mutations

You are immune to sickness and miasma.
Your stone body is resilient. (AC +7)
You are immune to poison.
You resist negative energy. (rN+)
You are resistant to electric shocks. (rElec)
You are resistant to unholy torment.
You are immune to petrification.


Message History

The blast of sand hits the howler monkey!
The howler monkey is severely wounded.
The howler monkey hoots and howls with incredible vigour!
The howler monkey barely misses you.
You hear a bellow!
You hear a loud, deep croak!
Casting: Sandblast (safe; 1% risk of failure)
Confirm with . or Enter, or press ? or * to list all spells.
Aiming: Sandblast (safe; 1% risk of failure)
Press: ? - help, Shift-Dir - straight line, f/p - howler monkey
Aim: a howler monkey (severely wounded, 82% to hit)
The blast of sand hits the howler monkey!
You kill the howler monkey!
Casting: Sandblast (safe; 1% risk of failure)
Confirm with . or Enter, or press ? or * to list all spells.
Aiming: Sandblast (safe; 1% risk of failure)
Press: ? - help, Shift-Dir - straight line, f - howler monkey
Aim: a howler monkey (catching its breath, 82% to hit)
The blast of sand hits the howler monkey!!
You kill the howler monkey!
Casting: Sandblast (safe; 1% risk of failure)
Confirm with . or Enter, or press ? or * to list all spells.
You can't see any susceptible monsters within range! (Use Z to cast anyway.)
Casting: Sandblast (safe; 1% risk of failure)
Confirm with . or Enter, or press ? or * to list all spells.
You can't see any susceptible monsters within range! (Use Z to cast anyway.)
You now have 427 gold pieces (gained 5).
Something unseen opens the door.
A two-headed ogre comes into view.
It is wielding a +0 giant spiked club and a +0 giant club. 2 centaur warriors come into view.
Found a book of Transfigurations.
The two-headed ogre shouts in stereo!
The centaur warrior shouts! x2
The centaur warrior is distracted by your dazzling golden aura.
The two-headed ogre hits you with a +0 giant spiked club!
The two-headed ogre hits you with a +0 giant club!
You see here 4 gold pieces.
The two-headed ogre attacks as you move away!
The two-headed ogre hits you with a +0 giant spiked club!!
Ouch! That really hurt!
You die...
Your body crumbles into a pile of gold.

#...#...#.# #
#...#...#.# :
#...+...#.# ####
#...#...#.# 8#.
#...#####.# 'c
##.........# ..# #c
####..........#
.....#O##............)##
.......@.......#####....
...............# #....
...............# #....
...............# #....
...............# +....
#######........# #...)
#........# #....
#........# #.... #....


You could see 2 centaur warriors and a two-headed ogre.

Vanquished Creatures
  Sigmund (D:2)
  3 spriggans (Bailey)
  2 wyverns
  A yak (D:9)
  A steam dragon (D:6)
  A water moccasin (D:6)
  6 black bears
  5 ice beasts
  2 sky beasts
  2 orc warriors
  6 ogres
  3 phantoms
  9 bullfrogs
  A kobold brigand (D:6)
  A necrophage (D:7)
  4 scorpions
  6 wights (D:9)
  8 killer bees
  3 howler monkeys
  2 hounds
  3 orc priests
  2 gnoll boudas
  Terence (D:3)
  Natasha (thrice) (D:2)
  5 orc wizards
  5 iguanas
  6 gnolls
  5 adders
  A shadow imp (D:6)
  3 white imps
  An ufetubus (D:6)
  A worm (D:2)
  3 dart slugs (D:3)
  39 orcs
  19 endoplasms
  21 giant cockroaches
  7 goblins
  8 hobgoblins
  4 jackals (D:2)
  6 quokkas
  18 ball pythons
  10 bats
  10 frilled lizards
  8 kobolds
  6 rats
262 creatures vanquished.

Notes
Turn   | Place    | Note
-------+----------+-------------------------------------------
     0 | D:1      | wilfster70 the Gargoyle Earth Elementalist began the quest
                  | for the Orb.
     0 | D:1      | Reached XP level 1. HP: 10/10 MP: 3/3
   263 | D:1      | Reached XP level 2. HP: 15/15 MP: 3/5
   940 | D:2      | Found a faded altar of an unknown god.
   996 | D:2      | Reached XP level 3. HP: 18/19 MP: 1/6
  1473 | D:2      | Noticed Sigmund
  1524 | D:2      | Killed Sigmund
  1525 | D:2      | Reached XP level 4. HP: 16/24 MP: 1/9
  1525 | D:2      | Reached XP level 5. HP: 18/28 MP: 1/10
  1695 | D:2      | Noticed Natasha
  1700 | D:2      | Killed Natasha
  1701 | D:2      | Reached XP level 6. HP: 32/32 MP: 8/11
  1705 | D:2      | Noticed Natasha
  1709 | D:2      | Killed Natasha
  1731 | D:2      | Found an ornate altar of the Wu Jian Council.
  1908 | D:2      | Learned a level 5 spell: Irradiate
  2010 | D:2      | Noticed Natasha
  2015 | D:2      | Killed Natasha
  2140 | D:3      | Found an ancient bone altar of Kikubaaqudgha.
  2158 | D:3      | Found a glowing drain.
  2161 | D:3      | Reached skill level 1 in Transmutations
  2180 | Sewer    | Entered a sewer
  2210 | Sewer    | Learned a level 3 spell: Stone Arrow
  2610 | Sewer    | Reached skill level 1 in Conjurations
  2986 | Sewer    | Reached XP level 7. HP: 21/36 MP: 3/13
  3249 | D:3      | Noticed Terence
  3256 | D:3      | Killed Terence
  3456 | D:3      | Found Wiar's Magic Scroll Boutique.
  3478 | D:3      | Bought a scroll of identify for 28 gold pieces
  3478 | D:3      | Bought a scroll of teleportation for 42 gold pieces
  3478 | D:3      | Bought a scroll of amnesia for 56 gold pieces
  3845 | D:3      | Found Ujot's Distillery.
  4104 | D:4      | Got the Discursus on the Jaunt
  4611 | D:4      | Found Avorhadd's Jewellery Emporium.
  4843 | D:5      | Entered Level 5 of the Dungeon
  5264 | D:5      | Reached skill level 5 in Spellcasting
  5264 | D:5      | Reached XP level 8. HP: 41/41 MP: 10/15
  5800 | D:5      | Reached skill level 5 in Conjurations
  5812 | D:5      | Found Muemam's Weapon Boutique.
  5927 | D:5      | Found a basalt altar of Yredelemnul.
  5929 | D:5      | Found a hazy altar of Hepliaklqana.
  6034 | D:5      | Found a staircase to the Ecumenical Temple.
  6040 | Temple   | Entered the Ecumenical Temple
  6243 | Temple   | Became a worshipper of Gozag Ym Sagoz the Greedy
  6336 | D:5      | Found a broken altar of Ashenzari.
  6730 | D:6      | Reached XP level 9. HP: 40/45 MP: 13/18
  7032 | D:6      | Reached skill level 5 in Transmutations
  8759 | D:7      | Reached XP level 10. HP: 45/50 MP: 15/19
 10138 | D:8      | Found a flagged portal.
 10163 | Bailey   | Entered a bailey
 10548 | Bailey   | Noticed a two-headed ogre
 10838 | D:8      | Found a transporter.
 10840 | D:8      | Found a transporter.
 10844 | D:8      | Found a transporter.
 10994 | D:8      | Found a transporter.
 11214 | D:8      | Found a radiant altar of Vehumet.
 11215 | D:8      | Found a hide-covered altar of Uskayaw.
 11216 | D:8      | Found a glowing silver altar of Zin.
 11423 | D:4      | Bought the ring of Meexyci {rC++ rN+ rCorr} for 651 gold
                  | pieces
 11791 | D:9      | Found a staircase to the Lair.
 12130 | D:9      | Reached skill level 1 in Fighting
 12359 | D:9      | Noticed a two-headed ogre
 12360 | D:9      | Noticed a centaur warrior
 12360 | D:9      | Noticed a centaur warrior
 12361 | D:9      | Mangled by a two-headed ogre

Illustrated notes

Levels and vault maps discovered:
D:1:      minmay_arrival_shattered_statue, layout_loops_ring
D:2:      layout_loops_ring, basic_altar, nicolae_ecumenical_oubliette,
          dk_vineyard_1, grunt_ministairs_7, minmay_misc_feat_chi,
          minmay_misc_feat_pillars, uniq_natasha, uniq_sigmund
D:3:      layout_basic, lemuel_doored_altar, portal_sewer_entry_b, serial_shops,
          nicolae_shop_trees, nicolae_shop_advertising_works
          [nicolae_subvault_shop_adworks], minmay_fountain_box, uniq_terence
D:4:      layout_basic, serial_shops, nicolae_shop_statue_plus
D:5:      layout_loops_ring, nicolae_overflow_hidden_temple,
          minmay_temple_entry_enclosed_plants, serial_shops,
          kennysheep_mini_moat, amcnicky_mini_pool_small,
          minmay_misc_feat_columns
D:6:      layout_gridville, minmay_puff
D:7:      layout_layer_cave, corexii_leaking_fountain
D:8:      layout_basic, minitemple, enter_bailey_4, nicolae_transporter_circle
D:9:      minmay_chambers_of_sixes, layout_irregular_city, david_lair_generic
Temple:   nicolae_temple_bog_church

Skill      XL: |  1  2  3  4  5  6  7  8  9 10 |
---------------+-------------------------------+-----
Earth Magic    | 4 6 7 |  7.0
Spellcasting   | 3 4 5 6 8 |  8.5
Transmutations | 1 3 4 6 8 |  8.0
Conjurations   | 2 3 5 8 |  8.0
Fighting       | 2 |  2.7
Dodging        | |  1.5
Stealth        | |  2.1

Action                   |  1- 3 |  4- 6 |  7- 9 | 10-12 || total
-------------------------+-------+-------+-------+-------++-------
 Fire: Sling             |    69 |    52 |    12 |     2 ||   135
 Cast: Sandblast         |    37 |    75 |   205 |   118 ||   435
       Stone Arrow       |       |       |    17 |     2 ||    19
       Irradiate         |       |       |       |     1 ||     1
Evoke: Wand              |       |       |     1 |       ||     1
  Use: Scroll            |     2 |     3 |    13 |     1 ||    19
       Potion            |       |       |     1 |       ||     1
Armor: Robe              |    34 |    25 |    56 |    66 ||   181
Dodge: Dodged            |    74 |    34 |    77 |    59 ||   244
Block: Other             |       |       |       |     9 ||     9

Table legend: (Time is in decaauts)
 A = Elapsed time spent in this place.
 B = Non-inter-level travel time spent in this place.
 C = Inter-level travel time spent in this place.
 D = Time resting spent in this place.
 E = Time spent auto-exploring this place.
 F = Levels seen in this place.
 G = Mean time per level.
                   A        B        C        D        E       F      G
               +--------+--------+--------+--------+--------+-----+--------+
         Total |  12746 |  12073 |    673 |   3248 |   5293 |  12 | 1062.2 |
       Dungeon |  11049 |  10385 |    664 |   2372 |   5140 |   9 | 1227.7 |
        Temple |    224 |    215 |      9 |      0 |    152 |   1 |  224.0 |
         Sewer |   1036 |   1036 |      0 |    616 |      0 |   1 | 1036.0 |
        Bailey |    435 |    435 |      0 |    260 |      0 |   1 |  435.0 |
               +--------+--------+--------+--------+--------+-----+--------+

Top non-repeatable levels by time:
     D:7: 1829 daAuts
     D:5: 1490 daAuts
     D:4: 1427 daAuts
     D:8: 1382 daAuts
     D:6: 1267 daAuts
     D:1: 1086 daAuts
     D:2: 1053 daAuts
     D:3: 1037 daAuts
   Sewer: 1036 daAuts
     D:9: 474 daAuts
  Bailey: 435 daAuts
  Temple: 224 daAuts
